 Dungeon Crawl Stone Soup version 0.29-a0-275-g389c0b56f3 (webtiles) character file.

Game seed: 4783866351941647723

350 Anunax the Grave Robber (level 6, 0/44 HPs)
             Began as a Gnoll Necromancer on Mar 11, 2022.
             Slain by a black bear (9 damage)
             ... on level 4 of the Dungeon.
             The game lasted 00:16:06 (6243 turns).

Anunax the Grave Robber (Gnoll Necromancer)         Turns: 6243, Time: 00:16:06

Health: 0/44       AC:  2    Str:  5    XL:     6   Next: 60%
Magic:  6/14       EV: 13    Int: 17    God:
Gold:   77         SH:  0    Dex: 12    Spells: 10/15 levels left

rFire   . . .      SeeInvis .     - Unarmed
rCold   + . .      Faith    .   (no shield)
rNeg    . . .      Spirit   .   a - +0 robe
rPois   .          Reflect  .   (no helmet)
rElec   .          Harm     .   (no cloak)
rCorr   .          Rampage  .   (no gloves)
Will    .....                   (no boots)
Stlth   +++.......              (no amulet)
HPRegen 0.14/turn               (no ring)
MPRegen 0.14/turn               (no ring)

@: no status effects
A: fangs 1, strong nose, distributed training, cold resistance 1, weak 1
a: no special abilities


You were on level 4 of the Dungeon.
You visited 1 branch of the dungeon, and saw 4 of its levels.

You collected 77 gold pieces.

Inventory:

Hand Weapons
 m - a +0 dagger
Missiles
 d - a throwing net
Armour
 a - a +0 robe (worn)
Jewellery
 e - a ring of protection from cold
 l - a ring of fire
Scrolls
 c - a scroll of enchant armour {unknown}
 f - 4 scrolls of blinking {unknown}
 g - 2 scrolls of identify {unknown}
 i - a scroll of holy word {unknown}
Potions
 b - a potion of magic
 h - 2 potions of brilliance {unknown}
 j - a potion of cancellation {unknown}
 k - a potion of lignification {unknown}


   Skills:
 + Level 2.0 Fighting
 + Level 2.0 Short Blades
 + Level 2.0 Long Blades
 + Level 2.0 Axes
 + Level 2.0 Maces & Flails
 + Level 2.0 Polearms
 + Level 2.0 Staves
 + Level 2.0 Slings
 + Level 2.0 Bows
 + Level 2.0 Crossbows
 + Level 2.0 Throwing
 + Level 2.0 Armour
 + Level 5.0 Dodging
 + Level 4.6 Stealth
 + Level 2.0 Shields
 + Level 2.0 Unarmed Combat
 + Level 5.4 Spellcasting
 + Level 1.6 Conjurations
 + Level 1.6 Hexes
 + Level 1.6 Summonings
 + Level 7.3 Necromancy
 + Level 1.6 Translocations
 + Level 1.6 Transmutations
 + Level 1.6 Fire Magic
 + Level 1.6 Ice Magic
 + Level 1.6 Air Magic
 + Level 1.6 Earth Magic
 + Level 1.6 Poison Magic
 + Level 2.2 Invocations
 + Level 2.0 Evocations


You had 10 spell levels left.
You knew the following spells:

 Your Spells              Type           Power      Damage    Failure   Level
a - Pain                  Necr           100%       1d9       1%          1
b - Vampiric Draining     Necr           29%        2d8       1%          3
c - Animate Skeleton      Necr           58%        N/A       1%          1

Your spell library contained the following spells:

 Spells                   Type           Power      Damage    Failure   Level
 Animate Dead             Necr           14%        N/A       7%          4
 Scorch                   Fire           20%        2d6       11%         2
 Agony                    Necr           29%        N/A       19%         5
 Flame Wave               Conj/Fire      10%        2d5       56%         4
 Summon Cactus Giant      Summ           5%         N/A       100%        6


Dungeon Overview and Level Annotations

Branches:
Dungeon (4/15)
 Temple: D:4-7

Altars:
Cheibriados
Qazlal

Shops:
D:3 (


Innate Abilities, Weirdness & Mutations

You have very sharp teeth.
Your uncanny sense of smell can sniff out nearby items.
Your experience applies equally to all skills.
Your flesh is cold resistant. (rC+)
You are weak. (Str -2)


Message History

The black bear claws you.
The black bear claws you but does no damage.
Casting: Pain (safe; 1% risk of failure)
Confirm with . or Enter, or press ? or * to list all spells.
Aiming: Pain (safe; 1% risk of failure)
Press: ? - help, Shift-Dir - straight line, f/p - black bear
Aim: a black bear (heavily wounded, chance to affect: 83%)
The black bear writhes in agony.
The black bear bites you. The black bear barely misses you.
The black bear claws you.
Casting: Pain (safe; 1% risk of failure)
Confirm with . or Enter, or press ? or * to list all spells.
Aiming: Pain (safe; 1% risk of failure)
Press: ? - help, Shift-Dir - straight line, f/p - black bear
Aim: a black bear (severely wounded, chance to affect: 83%)
The black bear barely resists.
The black bear goes berserk!
Casting: Pain (safe; 1% risk of failure)
Confirm with . or Enter, or press ? or * to list all spells.
Aiming: Pain (safe; 1% risk of failure)
Press: ? - help, Shift-Dir - straight line, f/p - black bear
Aim: a black bear (severely wounded, berserk, chance to affect: 83%)
The black bear barely resists.
The black bear bites you!
The black bear claws you but does no damage.
The black bear closely misses you.
Casting: Pain (safe; 1% risk of failure)
Confirm with . or Enter, or press ? or * to list all spells.
Aiming: Pain (safe; 1% risk of failure)
Press: ? - help, Shift-Dir - straight line, f/p - black bear
Aim: a black bear (severely wounded, berserk, chance to affect: 83%)
The black bear writhes in agony.
The black bear bites you!
* * * LOW HITPOINT WARNING * * *
The black bear closely misses you.
The black bear claws you but does no damage.
The black bear barely misses you. The black bear closely misses you. x2
Casting: Pain (safe; 1% risk of failure)
Confirm with . or Enter, or press ? or * to list all spells.
Aiming: Pain (safe; 1% risk of failure)
Press: ? - help, Shift-Dir - straight line, f/p - black bear
Aim: a black bear (severely wounded, berserk, chance to affect: 83%)
The black bear barely resists.
The black bear bites you!
You die...

...###.# #### #.####
#....#### ####....### ##
####...## ### .######
#####..## ...#
......####.......# ....#
...........#######.....#
........#.......@h.....#
......############.....#
......# ....# >.....#
...# ...>..# ..# #######
##


You could see a black bear (berserk).

Vanquished Creatures
  A black bear (D:4)
  An iguana (D:4)
  An orc wizard (D:3)
  3 gnolls (D:4)
  2 adders (D:2)
  4 worms (D:2)
  5 dart slugs
  5 orcs (D:3)
  8 ball pythons
  7 endoplasms
  2 giant cockroaches
  5 goblins
  4 hobgoblins
  11 jackals
  4 quokkas
  10 bats
  2 frilled lizards (D:1)
  7 kobolds
  4 rats
86 creatures vanquished.

Vanquished Creatures (collateral kills)
  A jelly (D:4)
  An adder (D:3)
  An endoplasm (D:4)
  2 kobolds
5 creatures vanquished.

Grand Total: 91 creatures vanquished

Notes
Turn   | Place    | Note
-------+----------+-------------------------------------------
     0 | D:1      | Anunax the Gnoll Necromancer began the quest for the Orb.
     0 | D:1      | Reached XP level 1. HP: 13/13 MP: 6/6
   387 | D:1      | Reached XP level 2. HP: 13/19 MP: 2/7
  1157 | D:1      | Reached XP level 3. HP: 24/25 MP: 7/9
  1358 | D:1      | Reached skill level 5 in Spellcasting
  1873 | D:2      | Found a snail-covered altar of Cheibriados.
  1947 | D:2      | Reached skill level 1 in Invocations
  2111 | D:2      | Reached skill level 1 in Fighting
  2111 | D:2      | Reached skill level 1 in Short Blades
  2111 | D:2      | Reached skill level 1 in Long Blades
  2111 | D:2      | Reached skill level 1 in Axes
  2111 | D:2      | Reached skill level 1 in Maces & Flails
  2111 | D:2      | Reached skill level 1 in Polearms
  2111 | D:2      | Reached skill level 1 in Staves
  2111 | D:2      | Reached skill level 1 in Slings
  2111 | D:2      | Reached skill level 1 in Bows
  2111 | D:2      | Reached skill level 1 in Crossbows
  2111 | D:2      | Reached skill level 1 in Throwing
  2111 | D:2      | Reached skill level 1 in Armour
  2111 | D:2      | Reached skill level 1 in Shields
  2111 | D:2      | Reached skill level 1 in Unarmed Combat
  2111 | D:2      | Reached skill level 1 in Evocations
  3233 | D:2      | Reached XP level 4. HP: 25/32 MP: 2/11
  3755 | D:2      | Learned a level 3 spell: Vampiric Draining
  3757 | D:2      | Learned a level 1 spell: Animate Skeleton
  4016 | D:3      | Found Haolav's Weapon Shop.
  4063 | D:3      | Reached skill level 1 in Conjurations
  4063 | D:3      | Reached skill level 1 in Hexes
  4063 | D:3      | Reached skill level 1 in Summonings
  4063 | D:3      | Reached skill level 1 in Translocations
  4063 | D:3      | Reached skill level 1 in Transmutations
  4063 | D:3      | Reached skill level 1 in Fire Magic
  4063 | D:3      | Reached skill level 1 in Ice Magic
  4063 | D:3      | Reached skill level 1 in Air Magic
  4063 | D:3      | Reached skill level 1 in Earth Magic
  4063 | D:3      | Reached skill level 1 in Poison Magic
  4234 | D:3      | Reached XP level 5. HP: 27/37 MP: 6/12
  4597 | D:3      | Found a stormy altar of Qazlal.
  5420 | D:4      | Gained mutation: You are weak. (Str -2) [potion of
                  | mutation]
  5420 | D:4      | Gained mutation: Your flesh is cold resistant. (rC+)
                  | [potion of mutation]
  5720 | D:4      | Reached XP level 6. HP: 40/44 MP: 8/13
  5927 | D:4      | Noticed a black bear
  5941 | D:4      | Killed a black bear
  5942 | D:4      | Reached skill level 5 in Dodging
  6234 | D:4      | Noticed a black bear
  6243 | D:4      | Slain by a black bear

Illustrated notes

Levels and vault maps discovered:
D:1:      heliophobic_arrival_henge, layout_basic, minmay_tetromino_l2
D:2:      layout_basic, basic_altar, lightli_corner_chamber
D:3:      minmay_chambers_of_threes, layout_loops_ring, grunt_qazlal_sundering,
          serial_shops, nicolae_shop_bloodbath_and_beyond
D:4:      layout_rooms

Skill      XL: |  1  2  3  4  5  6 |
---------------+-------------------+-----
Spellcasting   | 5 |  5.4
Invocations    | 1 2 |  2.2
Fighting       | 1 2 |  2.0
Short Blades   | 1 2 |  2.0
Long Blades    | 1 2 |  2.0
Axes           | 1 2 |  2.0
Maces & Flails | 1 2 |  2.0
Polearms       | 1 2 |  2.0
Staves         | 1 2 |  2.0
Slings         | 1 2 |  2.0
Bows           | 1 2 |  2.0
Crossbows      | 1 2 |  2.0
Throwing       | 1 2 |  2.0
Armour         | 1 2 |  2.0
Shields        | 1 2 |  2.0
Unarmed Combat | 1 2 |  2.0
Evocations     | 1 2 |  2.0
Conjurations   | 1 |  1.6
Hexes          | 1 |  1.6
Summonings     | 1 |  1.6
Translocations | 1 |  1.6
Transmutations | 1 |  1.6
Fire Magic     | 1 |  1.6
Ice Magic      | 1 |  1.6
Air Magic      | 1 |  1.6
Earth Magic    | 1 |  1.6
Poison Magic   | 1 |  1.6
Dodging        | 5 |  5.0
Stealth        | |  4.6
Necromancy     | |  7.3

Action                   |  1- 3 |  4- 6 || total
-------------------------+-------+-------++-------
Melee: Unarmed           |     1 |    27 ||    28
       Bite              |     1 |     2 ||     3
       Punch             |       |     1 ||     1
 Cast: Pain              |    71 |   117 ||   188
       Animate Skeleton  |       |    17 ||    17
       Vampiric Draining |       |     2 ||     2
  Use: Potion            |       |     2 ||     2
Armor: Robe              |     4 |     7 ||    11
Dodge: Dodged            |    10 |    46 ||    56

Table legend: (Time is in decaauts)
 A = Elapsed time spent in this place.
 B = Non-inter-level travel time spent in this place.
 C = Inter-level travel time spent in this place.
 D = Time resting spent in this place.
 E = Time spent auto-exploring this place.
 F = Levels seen in this place.
 G = Mean time per level.
                   A        B        C        D        E       F      G
               +--------+--------+--------+--------+--------+-----+--------+
         Total |   6241 |   6159 |     82 |   2768 |   2707 |   4 | 1560.2 |
       Dungeon |   6241 |   6159 |     82 |   2768 |   2707 |   4 | 1560.2 |
               +--------+--------+--------+--------+--------+-----+--------+

Top non-repeatable levels by time:
     D:2: 2184 daAuts
     D:1: 1830 daAuts
     D:3: 1119 daAuts
     D:4: 1106 daAuts
